 Dungeon Crawl Stone Soup version 0.18.1-50-g88ac8fd (webtiles) character file.

653 Svingen999 the Shield-Bearer (level 7, -5/60 HPs)
             Began as a Minotaur Fighter on Feb 20, 2017.
             Slain by Menkaure (16 damage)
             ... on level 5 of the Dungeon.
             The game lasted 00:25:10 (2900 turns).

Svingen999 the Shield-Bearer (Minotaur Fighter)     Turns: 2900, Time: 00:25:10

Health: -5/60      AC: 13    Str: 23    XL:     7   Next: 29%
Magic:  6/6        EV:  7    Int:  5    God:
Gold:   209        SH: 16    Dex:  9    Spells: 0 memorised, 6 levels left

rFire  . . .     SeeInvis .     a - +0 flail
rCold  . . .     Gourm    .     b - +0 scale mail
rNeg   . . .     Faith    .     c - +0 large shield
rPois  .         Spirit   .     (helmet restricted)
rElec  .         Dismiss  .     (no cloak)
rCorr  .         Reflect  .     (no gloves)
SustAt .         Harm     .     (no boots)
MR     .....                    (no amulet)
Stlth  ..........               (no ring)
                                l - +6 ring of protection

@: not resistant to hostile enchantments, extremely unstealthy
A: retaliatory headbutt, horns 2
a: no special abilities


You were on level 5 of the Dungeon.
You were not hungry.

You visited 1 branch of the dungeon, and saw 5 of its levels.

You collected 209 gold pieces.

Inventory:

Hand Weapons
 a - a +0 flail (weapon)
 t - a +0 whip
Missiles
 g - 72 stones (quivered)
Armour
 b - a +0 scale mail (worn)
 c - a +0 large shield (worn)
 s - the cursed +1 ring mail of the Hidden Vale {MR+ Dex+4 Slay+2, unknown}
   (You found it on level 4 of the Dungeon)

   It affects your dexterity (+4).
   It affects your accuracy and damage with ranged weapons and melee attacks
   (+2).
   It affects your resistance to hostile enchantments.
   It has a curse placed upon it.
Jewellery
 l - a +6 ring of protection (left hand)
Scrolls
 e - 4 scrolls of remove curse
 h - a scroll of blinking {unknown}
 j - 2 scrolls of identify {unknown}
 k - a scroll of enchant armour {unknown}
 m - 2 scrolls of amnesia {unknown}
 o - a scroll of immolation {unknown}
 p - a scroll of fear {unknown}
 q - a scroll of teleportation {unknown}
Potions
 d - a potion of might
Comestibles
 f - 2 bread rations
 i - a meat ration
 n - a beef jerky
 r - a royal jelly


   Skills:
 + Level 4.9 Fighting
 + Level 4.1 Maces & Flails
 + Level 5.7 Armour
 + Level 3.5 Dodging
 + Level 6.6 Shields


You had 6 spell levels left.
You didn't know any spells.

Dungeon Overview and Level Annotations

Branches:
Dungeon (5/15)
 Temple: D:4-7

Altars:

Portals:
Ossuary: D:5

Annotations:
D:5 Menkaure


Innate Abilities, Weirdness & Mutations

You reflexively headbutt those who attack you in melee.
You have a pair of horns on your head.


Message History

Found a stone staircase leading up.
Menkaure calls on the powers of darkness!
Your body is wracked with pain!
You hit Menkaure. You headbutt Menkaure.
Menkaure is lightly damaged.
Menkaure hits you but does no damage. Menkaure hits you!
You barely miss Menkaure. Your headbutt misses Menkaure.
Menkaure is lightly damaged.
You block Menkaure's attack.
You sock Menkaure! You headbutt Menkaure.
Menkaure is severely damaged.
You block Menkaure's attack.
You hit Menkaure.
Menkaure is severely damaged.
Menkaure hits you!
* * * LOW HITPOINT WARNING * * *
You barely miss Menkaure.
Menkaure is severely damaged.
Menkaure hits you!
You die...

#....#.......#######
#... #.......# #..
+.......+ #..
#...†...#
#..†....####+
#............
#..:.........
#............
#....@M......
#............
+............
#...$........
.....(.######+
........# .........+
......<..#


You could see Menkaure.

Vanquished Creatures
  A phantom (D:4)
  An ogre (D:4)
  Natasha (thrice) (D:3)
  An iguana (D:3)
  5 worker ants
  A hound zombie (D:5)
  A hound skeleton (D:4)
  A worker ant zombie (D:5)
  7 gnolls
  10 adders
  2 oozes
  A worm (D:3)
  3 dart slugs
  6 giant geckos
  An orc (D:3)
  A ball python (D:1)
  A giant cockroach (D:1)
  2 goblins
  3 hobgoblins (D:1)
  3 quokkas
  7 bats
  7 giant newts
  3 kobolds
  4 rats
  A plant (D:2)
76 creatures vanquished.

Notes
Turn   | Place    | Note
--------------------------------------------------------------
     0 | D:1      | Svingen999 the Minotaur Fighter began the quest for the Orb.
     0 | D:1      | Reached XP level 1. HP: 19/19 MP: 0/0
    74 | D:1      | Reached XP level 2. HP: 22/27 MP: 1/1
   122 | D:1      | Reached skill level 4 in Shields
   469 | D:2      | Reached XP level 3. HP: 17/33 MP: 2/2
   637 | D:2      | Reached skill level 1 in Dodging
   663 | D:2      | Reached XP level 4. HP: 15/40 MP: 3/3
  1145 | D:3      | Noticed Natasha
  1168 | D:3      | Killed Natasha
  1168 | D:3      | Reached skill level 5 in Shields
  1168 | D:3      | Reached XP level 5. HP: 40/47 MP: 4/4
  1192 | D:3      | Noticed Natasha
  1204 | D:3      | Killed Natasha
  1347 | D:3      | Reached skill level 5 in Armour
  1662 | D:3      | Noticed Natasha
  1662 | D:3      | Found a faded altar to an unknown god.
  1676 | D:3      | Killed Natasha
  1962 | D:4      | Reached XP level 6. HP: 53/53 MP: 5/5
  2274 | D:4      | Got a smoking ring mail
  2368 | D:4      | Reached skill level 6 in Shields
  2476 | D:4      | Reached XP level 7. HP: 26/60 MP: 6/6
  2642 | D:5      | Entered Level 5 of the Dungeon
  2712 | D:5      | Found a sand-covered staircase.
  2887 | D:5      | Noticed Menkaure
  2900 | D:5      | Slain by Menkaure

Skill      XL: |  1  2  3  4  5  6  7 |
---------------+----------------------+-----
Armour         | 4 5 |  5.7
Shields        | 4 5 6 |  6.6
Fighting       | 4 |  4.9
Dodging        | 1 2 3 |  3.5
Maces & Flails | 3 4 |  4.1

Action                   |  1- 3 |  4- 6 |  7- 9 || total
-------------------------+-------+-------+-------++-------
Melee: Flail             |    93 |   178 |    44 ||   315
       Headbutt          |    20 |    23 |     9 ||    52
  Use: Potion            |     1 |     4 |       ||     5
       Scroll            |       |     2 |       ||     2
  Eat: Bread ration      |     1 |       |       ||     1
       Meat ration       |       |     1 |       ||     1
Armor: Scale mail        |    34 |    76 |    12 ||   122
Dodge: Dodged            |    24 |    58 |    16 ||    98
Block: Shield            |    55 |    53 |       ||   108
       Large shield      |       |    82 |    38 ||   120
